 Dungeon Crawl Stone Soup version 0.31-a0-1009-g454b1f1e0a (webtiles) character file.

Game seed: 11778489742258728842

1302573 Sergey the Cryomancer (level 25, 208/208 HPs)
             Began as a Deep Elf Air Elementalist on Nov 13, 2023.
             Was an Elder of Sif Muna.
             Escaped with the Orb
             ... and 3 runes!
             The game lasted 03:47:12 (118619 turns).

Sergey the Cryomancer (Deep Elf Air Elementalist) Turns: 118619, Time: 03:47:13

Health: 208/208    AC: 33    Str: 10    XL:     25   Next: 56%
Magic:  58/58      EV: 22    Int: 39    God:    Sif Muna [****..]
Gold:   3474       SH: 13    Dex: 15    Spells: 11/64 levels left

rFire   + .          .
                       - Unarmed
rCold   + . .        D - +2 buckler {rC+}
rNeg    + + .        L - melded +0 swamp dragon scales
rPois   ∞            g - +3 crown of Dyrovepreva {rElec Int+2 SInv}
rElec   +            B - +2 cloak {rF+}
rCorr   +            H - melded +0 pair of gloves "Olas" {Rampage +Inv Will+ Dex+4}
SInv    +            A - melded +2 pair of boots
Will    +++++        O - amulet "Bane" {Reflect Regen+ SH+5}
Stlth   +            W - ring "Zatacuops" {Wiz rN+ MP+9 Slay+4}
HPRegen 1.34/turn    o - ring "Reilumnoeqon" {Contam Will+++ rCorr Str+3 Int+6}
MPRegen 0.36/turn

%: reflection, clarity, wizardry (x1)
@: statue-form, studying Staves, very slow
A: slow and powerful, torment resistance 1, boosted hp, clarity, deformed body
0: Orb of Zot
}: 3/15 runes: serpentine, barnacled, slimy
a: Begin Untransformation, Renounce Religion, Channel Magic, Forget Spell,
Divine Exegesis


You escaped.
You worshipped Sif Muna.
Sif Muna was greatly pleased with you.
You were a living statue of rough stone.
You visited 11 branches of the dungeon, and saw 54 of its levels.
You also visited: Gauntlet, Ice Cave, Volcano and Wizlab.

You collected 10830 gold pieces.
You spent 7356 gold pieces at shops.

Inventory:

Hand Weapons
 p - a +3 demon whip of freezing
Missiles
 m - 2 curare-tipped darts
 E - 8 throwing nets
Armour
 g - the +3 crown of Dyrovepreva (worn) {rElec Int+2 SInv}
   (You bought it in a shop on level 2 of the Orcish Mines)

   Int+2:     It affects your intelligence (+2).
   rElec:     It insulates you from electricity.
   SInv:      It lets you see invisible.
 u - a +1 cloak of cold resistance
 A - a +2 pair of boots (melded)
 B - a +2 cloak of fire resistance (worn)
 D - a +2 buckler of cold resistance (worn)
 H - the +0 pair of gloves "Olas" (melded) {Rampage +Inv Will+ Dex+4}
   (You bought it in a shop on level 2 of the Elven Halls)

   Dex+4:     It affects your dexterity (+4).
   Will+:     It increases your willpower.
   +Inv:      It lets you turn invisible.
   Rampage:   It bestows one free step when moving towards enemies.
 L - +0 swamp dragon scales (melded)
 Q - a +0 cloak of willpower
Magical Staves
 e - a staff of fire {rF+ !a}
 k - a staff of air {rElec !a}
 q - a staff of cold {rC+ !a}
Jewellery
 b - an amulet of regeneration
 f - the ring "Tujon" {rC+ rN+}
   (You took it off a merfolk on level 1 of the Shoals)

   [ring of protection from cold]

   rC+:       It protects you from cold.
   rN+:       It protects you from negative energy.
 o - the ring "Reilumnoeqon" (right fist) {Contam Will+++ rCorr Str+3 Int+6}
   (You took it off a vampire on level 3 of the Crypt)

   [ring of intelligence]

   Str+3:     It affects your strength (+3).
   Int+6:     It affects your intelligence (+6).
   Will+++:   It greatly increases your willpower.
   Contam:    It causes magical contamination when unequipped.
   rCorr:     It protects you from acid and corrosion.
 t - a ring of resist corrosion
 O - the amulet "Bane" (around neck) {Reflect Regen+ SH+5}
   (You bought it in a shop on level 2 of the Vaults)

   [amulet of reflection]

   Reflect:   It reflects blocked missile attacks.
   Regen+:    It increases your rate of health regeneration.
   SH+5:      It affects your SH (+5).
 T - a +4 ring of protection
 W - the ring "Zatacuops" (left fist) {Wiz rN+ MP+9 Slay+4}
   (You took it off a deep elf zephyrmancer on level 3 of the Elven Halls)

   [ring of wizardry]

   Wiz:       It improves your spell success rate.
   Slay+4:    It affects your accuracy & damage with ranged weapons and melee
   (+4).
   rN+:       It protects you from negative energy.
   MP+9:      It affects your magic capacity (+9).
Talismans
 l - a granite talisman (active)
Wands
 c - a wand of light (1)
 i - a wand of iceblast (32)
 v - a wand of digging (5)
 x - a wand of flame (45)
 Y - a wand of mindburst (34)
Scrolls
 a - 3 scrolls of silence {!r}
 d - 8 scrolls of immolation
 h - 4 scrolls of vulnerability {!r}
 s - 16 scrolls of teleportation {@r3}
 G - 12 scrolls of poison
 S - 3 scrolls of blinking {@r4}
 U - 6 scrolls of fog {@r2}
 X - 5 scrolls of butterflies
 Z - 3 scrolls of enchant armour
Potions
 j - 9 potions of cancellation
 n - 6 potions of magic
 r - 7 potions of enlightenment
 y - 13 potions of lignification
 z - 4 potions of haste {@q5}
 F - 11 potions of brilliance
 I - 7 potions of ambrosia
 M - 8 potions of heal wounds {@q1}
 P - 7 potions of resistance
 R - 3 potions of mutation
 V - 10 potions of curing {@q2}
Miscellaneous
 C - a sack of spiders
 N - a phial of floods


   Skills:
 + Level 17.3 Fighting
 - Level 8.8 Armour
 - Level 20.0 Dodging
 - Level 6.0 Stealth
 - Level 9.0 Shields
 + Level 13.7 Unarmed Combat
 - Level 20.0 Spellcasting
 - Level 7.0 Conjurations
 - Level 4.0 Summonings
 - Level 8.0 Necromancy
 - Level 4.0 Translocations
 - Level 22.0 Ice Magic
 - Level 10.0 Air Magic
 - Level 8.0 Earth Magic
 - Level 15.0 Invocations
 - Level 10.0 Evocations
 - Level 16.0 Shapeshifting


You had 11 spell levels left.
You knew the following spells:

 Your Spells              Type           Power      Damage    Failure   Level
a - Lee's Rapid Deconstr  Erth           39%        3d19*     1%          5
b - Borgnjor's Vile Clut  Necr/Erth      39%        N/A       1%          5
c - Polar Vortex          Ice            59%        12d7*     4%          9
d - Airstrike             Air            43%        2d(7-23)  1%          4
e - Blink                 Tloc           100%       N/A       1%          2
f - Freezing Cloud        Conj/Ice/Air   48%        6-21      1%          5
h - Passwall              Tmut/Erth      52%        N/A       1%          2
j - Apportation           Tloc           100%       N/A       1%          1
o - Ozocubu's Refrigerat  Ice            59%        4d20      1%          7
p - Simulacrum            Ice/Necr       51%        N/A       1%          6
r - Summon Lightning Spi  Summ/Air       76%        N/A       1%          4
C - Swiftness             Air            86%        N/A       1%          3

Your spell library contained the following spells:

 Spells                   Type           Power      Damage    Failure   Level
 Ensorcelled Hibernation  Hex/Ice        100%       N/A       0%          2
 Frozen Ramparts          Ice            100%       1d16      0%          3
 Hailstorm                Conj/Ice       100%       3d20      0%          3
 Ozocubu's Armour         Ice            100%       N/A       0%          3
 Foxfire                  Conj/Fire      100%       2x1d9     1%          1
 Kiss of Death            Conj/Necr      100%       2d13      1%          1
 Necrotise                Necr           100%       1d9       1%          1
 Sandblast                Erth           100%       2d20      1%          1
 Shock                    Conj/Air       100%       1d9       1%          1
 Summon Small Mammal      Summ           100%       N/A       1%          1
 Cigotuvi's Dreadful Rot  Necr/Pois/Air  100%       N/A       1%          2
 Jinxbite                 Hex            78%        N/A       1%          2
 Lesser Beckoning         Tloc           100%       N/A       1%          2
 Momentum Strike          Conj/Tloc      100%       3d10      1%          2
 Scorch                   Fire           78%        2d8       1%          2
 Searing Ray              Conj           100%       2d8       1%          2
 Static Discharge         Conj/Air       100%       3-8/arc   1%          2
 Wereblood                Tmut           39%        N/A       1%          2
 Confusing Touch          Hex            39%        N/A       1%          3
 Gell's Gravitas          Tloc           63%        N/A       1%          3
 Ignite Poison            Fire/Tmut/Pois 39%        N/A       1%          3
 Inner Flame              Hex/Fire       39%        N/A       1%          3
 Stone Arrow              Conj/Erth      100%       3d13      1%          3
 Teleport Other           Tloc           63%        N/A       1%          3
 Vampiric Draining        Necr           79%        2d11      1%          3
 Volatile Blastmotes      Fire/Tloc      100%       2d18      1%          3
 Anguish                  Hex/Necr       31%        N/A       1%          4
 Animate Armour           Summ/Erth      100%       N/A       1%          4
 Animate Dead             Necr           79%        N/A       1%          4
 Brom's Barrelling Bould  Conj/Erth      78%        2d9       1%          4
 Dimensional Bullseye     Hex/Tloc       26%        N/A       1%          4
 Dispel Undead            Necr           79%        3d26      1%          4
 Flame Wave               Conj/Fire      60%        2d14      1%          4
 Iskenderun's Mystic Bla  Conj/Tloc      69%        2d14      1%          4
 Leda's Liquefaction      Hex/Erth       31%        N/A       1%          4
 Manifold Assault         Tloc           63%        N/A       1%          4
 Passage of Golubria      Tloc           63%        N/A       1%          4
 Petrify                  Tmut/Erth      63%        N/A       1%          4
 Sticky Flame             Conj/Fire      60%        2d8       1%          4
 Summon Ice Beast         Ice/Summ       96%        N/A       1%          4
 Vhi's Electric Charge    Tloc/Air       100%       N/A       1%          4
 Agony                    Necr           79%        N/A       1%          5
 Arcjolt                  Conj/Air       40%        1d50      1%          5
 Iskenderun's Battlesphe  Conj           76%        2d12      1%          5
 Silence                  Hex/Air        33%        N/A       1%          5
 Summon Forest            Summ/Tloc      31%        N/A       1%          5
 Conjure Ball Lightning   Conj/Air       40%        3x3d13    1%          6
 Death Channel            Necr           39%        N/A       1%          6
 Bombard                  Conj/Erth      39%        9d7       2%          6
 Olgreb's Toxic Radiance  Pois           39%        N/A       3%          4
 Summon Mana Viper        Hex/Summ       53%        N/A       4%          5
 Plasma Beam              Fire/Air       33%        2x1d46    7%          6
 Alistair's Intoxication  Tmut/Pois      26%        N/A       10%         5
 Dispersal                Tloc           31%        N/A       11%         6
 Summon Cactus Giant      Summ           31%        N/A       11%         6
 Starburst                Conj/Fire      30%        6d9       13%         6
 Haunt                    Necr/Summ      36%        N/A       26%         7
 Spellforged Servitor     Conj/Summ      34%        N/A       30%         7
 Maxwell's Capacitive Co  Air            43%        ∞         34%         8
 Eringya's Noxious Bog    Tmut/Pois      19%        4d6       45%         6
 Malign Gateway           Summ/Tloc      31%        N/A       47%         7
 Summon Hydra             Summ           31%        N/A       47%         7
 Borgnjor's Revivificati  Necr           39%        N/A       61%         8
 Infestation              Necr           39%        N/A       61%         8
 Lehudib's Crystal Spear  Conj/Erth      39%        10d10     69%         8
 Summon Horrible Things   Summ           31%        N/A       98%         8
 Discord                  Hex            19%        N/A       100%        8
 Ignition                 Fire           19%        3d7       100%        8
 Chain Lightning          Conj/Air       40%        3d54      100%        9
 Death's Door             Necr           39%        N/A       100%        9
 Dragon's Call            Summ           31%        N/A       100%        9
 Fire Storm               Conj/Fire      30%        8d8       100%        9
 Shatter                  Erth           39%        3d31*     100%        9
 Sublimation of Blood     Necr           Unusable   N/A       N/A         2

Dungeon Overview and Level Annotations

Branches:
Dungeon (15/15)            Temple (0/1) D:4            Lair (5/5) D:10
 Shoals (4/4) Lair:2        Snake (4/4) Lair:3        Slime (5/5) Lair:5
    Orc (2/2) D:9             Elf (3/3) Orc:2        Vaults (4/5) D:13
  Crypt (3/3) Vaults:3       Tomb (0/3) Crypt:3      Depths (4/4) D:15
    Zot (5/5) Depths:4      IceCv (visited)         Volcano (visited)
 WizLab (visited)         Gauntlet (visited)

Altars:
Cheibriados
Dithmenos
Fedhas
Gozag
Kikubaaqudgha
Nemelex Xobeh
Qazlal
Ru
Sif Muna
Yredelemnul
Jiyva

Shops:
D:5 (   Orc:2 [[*(*   Elf:1 *?[=(?   Elf:2 [   Snake:2 *=::   Vaults:2 ?(!?=
Vaults:3 :   Vaults:4 :

Portals:
Hell: Depths:1 Depths:2 Depths:3
Abyss: Depths:1 Depths:3 Depths:4
Pandemonium: Depths:2
Ziggurat: Depths:3

Annotations:
D:2 exclusions: adder and downstairs
D:3 exclusions: adder, downstairs and 1 more exclusion
D:4 exclusion: 2 downstairs, Grinder
D:5 exclusions: upstairs and water moccasin
D:6 exclusion: ice beast
D:7 exclusions: 2 downstairs and 1 more exclusion
Lair:1 1 exclusion
Lair:3 3 runed translucent doors, Zgarb's ghost, journeyman KoEE
Shoals:1 exclusions: downstairs and fenstrider witch
Shoals:3 1 runed translucent door, protoss039's ghost, journeyman DsEE
Snake:2 exclusion: downstairs
Slime:4 exclusion: downstairs
Slime:5 Royal Jelly
Orc:1 1 runed translucent door
Elf:2 3 runed translucent doors
Vaults:3 2 transporters
Vaults:4 1 runed translucent door, Konoat's ghost, adept MiFi
Depths:1 2 transporters, exclusion: obsidian statue
Depths:2 1 transporter, 1 exclusion
Zot:2 exclusion: upstairs
Zot:3 exclusion: downstairs
Zot:4 Tiamat
Zot:5 exclusion: upstairs


Innate Abilities, Weirdness & Mutations

You are a living statue of rough stone.
Your actions are slow, but your melee attacks are powerful.
You are resistant to unholy torment.
Your maximum health is greatly increased.
Your equipment is partially melded.
You are immune to poison.
You possess an exceptional clarity of mind.
Armour fits poorly on your strangely shaped body.


Message History

Sif Muna accepts your kill.
No target in view!
No target in view!
No target in view!
You see here a +1 scimitar of flaming.
The winds around you start to calm down.
You float gracefully downwards.
You are engulfed in whirling frost.
The winds around you calm down.
A Tzitzimitl comes into view.
The Tzitzimitl calls on the powers of darkness!
Your body is wracked with pain!
There is a stone staircase leading up here.
You climb upwards.
There is a stone staircase leading down here.
Magic restored.
An Orb Guardian comes into view.
The Orb Guardian moves out of view.
Boewneapa comes into view.
Aiming: Dig
Press: ? - help, Shift-Dir - straight line, f - you Please select a direction to dig.
This square is covered in magical glow.
Okay, then.
Press: ? - help, v - describe, . - travel
Here: Boewneapa The floor.
Aiming: Dig
Press: ? - help, Shift-Dir - straight line, f - you Please select a direction to dig.
This square is covered in magical glow.
The rock shatters into small pieces.
Blink to where?
Press: ? - help, Dir - move target
As you read the scroll of blinking {@r4}, it crumbles to dust.
Blink to where?
Press: ? - help, Dir - move target
As you read the scroll of blinking {@r4}, it crumbles to dust.
Unknown command.
You have escaped!

.#####.####.# #.....# #.##.###.
.##....# #.# #.....# #.##.# #.
.##.##### #.######.....# #.##.# #.
........# #............# #....# #.
.#...##.################ #.#### #.
...#..........## ##♣≈≈≈## #.# #.
##...##.....#..###>.♣≈≈≈###.######.
##.######.###..###..♣♣♣#..........
###.........#..##8......'.#.#.#####
.##########...#####..♣♣♣###.#.# .#
##.## #..♣~≈≈# #.#.# .###########.#
##♣~≈≈.# #.#.# .##..........#
#####&##.#.# .##.########## #.#.#.#
.##.# #..#)##### .##.# ###&#.##...
.##.# #.....##.##


You could see Boewneapa.

Vanquished Creatures
  3 dread liches (Zot:5)
  Khufu (Crypt:1)
  An ancient lich (Zot:5)
  3 orbs of fire (Zot:5)
  A juggernaut (Zot:1)
  Vv (Crypt:1)
  4 Killer Klowns
  Bai Suzhen (Snake:2)
  Xtahua (Crypt:1)
  Saint Roka (Crypt:2)
  Vashnia (Snake:3)
  A curse toe (Zot:5)
  3 caustic shrikes (Depths:4)
  5 golden dragons
  Nikola (Snake:3)
  2 profane servitors
  Norris (Elf:3)
  A Tzitzimitl (Zot:4)
  2 electric golems
  Jory (Crypt:1)
  2 bone dragons
  A Brimstone Fiend (D:15)
  A walking crystal tome (Depths:3)
  8 tentacled monstrosities
  5 liches
  4 deep elf master archers (Elf:3)
  Zenata (Vaults:2)
  13 Orb Guardians (Zot:5)
  2 deep elf blademasters (Elf:3)
  2 quicksilver dragons (Zot:5)
  A walking frostbound tome (Zot:3)
  A sphinx (Depths:3)
  8 death cobs
  Polyphemus (Shoals:2)
  14 acid blobs
  5 shadow dragons
  15 ancient champions
  3 storm dragons
  Kirke (Shoals:2)
  A kraken (Shoals:4)
  2 draconian monks
  Ilsuiw (Shoals:2)
  4 azure jellies
  3 narguns (Zot:3)
  4 revenants
  A tengu reaver (Depths:2)
  5 rockslimes
  Aizul (Snake:2)
  Donald (Snake:2)
  A nagaraja (Snake:4)
  Roxanne (Shoals:1)
  2 draconian knights
  A balrug (Depths:2)
  6 fire giants
  2 deep elf sorcerers (Elf:3)
  4 ghost moths
  5 frost giants
  A deep elf elementalist (Elf:3)
  A draconian scorcher (Zot:2)
  10 vault wardens
  An iron dragon (Depths:3)
  11 ghouls
  8 very ugly things
  A cacodemon (Zot:5)
  4 draconian shifters
  3 spriggan defenders
  3 curse skulls (Crypt:3)
  3 draconian annihilators
  3 orc warlords
  10 stone giants
  6 draconian stormcallers
  11 ironbound preservers
  A reaper (Crypt:1)
  A demonspawn corrupter (Zot:4)
  A war gargoyle (Vaults:4)
  8 formless jellyfish
  15 quicksilver oozes
  9 ironbound thunderhulks
  10 vampire knights
  2 lorocyprocas (Depths:1)
  5 white draconians
  7 deep elf demonologists
  8 green draconians
  2 black draconians
  7 purple draconians
  6 yellow draconians
  5 deep elf annihilators
  9 red draconians
  5 dire elephants
  A blizzard demon (Zot:4)
  6 ettins
  12 deep elf death magi
  5 merfolk impalers
  7 fire dragons
  5 eidola
  Josephine (Shoals:1)
  10 jiangshi
  3 merfolk javelineers
  7 deep elf high priests (Elf:3)
  4 entropy weavers
  5 great orbs of eyes
  Harold (Lair:1)
  5 vault guards
  A spriggan zombie (Crypt:3)
  8 yaktaur captains
  2 rakshasas
  A quicksilver dragon skeleton (Depths:1)
  A salamander tyrant (Snake:4)
  3 hydras
  2 catoblepae
  9 ice dragons
  2 merfolk avatars (Shoals:2)
  9 centaur warriors
  9 ironbound frosthearts
  2 alligator snapping turtles (Shoals:4)
  4 spriggan air magi
  10 anacondas
  2 merfolk aquamancers
  A peacekeeper (Vaults:3)
  A sphinx zombie (Crypt:3)
  2 death knights (Crypt:1)
  3 two-headed ogres
  Erica (D:9)
  3 boulder beetles
  A fenstrider witch skeleton (Crypt:3)
  15 death yaks
  17 dancing weapons
  9 naga warriors
  4 deep troll shamans
  4 deep troll earth magi
  A two-headed ogre (shapeshifter) (Depths:3)
  9 vampire magi
  A demonic crawler (D:13)
  6 tengu warriors
  13 naga sharpshooters
  6 spriggan berserkers
  2 orc high priests
  2 occultists
  12 shock serpents
  12 deep elf knights
  A soul eater (Depths:2)
  6 salamander mystics
  Amaemon (D:10)
  36 skeletal warriors
  7 skysharks
  An iron troll (Depths:2)
  5 sixfirhies
  28 deep trolls
  4 shadow demons
  A storm dragon skeleton (Depths:1)
  A spark wasp zombie (Depths:1)
  8 sea snakes
  3 glowing orange brains
  A tengu zombie (Vaults:4)
  13 phantasmal warriors
  An anaconda zombie (Crypt:2)
  12 deep elf archers
  5 flayed ghosts
  6 bog bodies
  7 naga ritualists
  17 ironbound convokers
  9 arcanists
  7 lindwurms
  18 mana vipers
  7 necromancers
  13 orc knights
  2 broodmother zombies
  29 deep elf zephyrmancers
  2 shadow dragon zombies
  2 fauns
  21 deep elf pyromancers
  5 orc sorcerers
  A frost giant zombie (Vaults:2)
  8 harpies
  A shadow dragon skeleton (Crypt:1)
  4 cyclopes
  13 manticores
  3 shining eyes
  An iron dragon skeleton (Crypt:3)
  13 moths of wrath
  12 vault sentinels
  7 merfolk sirens
  13 salamanders
  11 guardian serpents
  21 ugly things
  4 water nymphs (Shoals:4)
  15 naga magi
  A centaur zombie (Crypt:3)
  14 elephants
  A stone giant skeleton (Depths:1)
  40 black mambas
  Maurice (Orc:1)
  An ice statue (IceCv)
  3 eyes of devastation
  A titan simulacrum (Vaults:4)
  6 cane toads
  Maggie (D:7)
  2 gargoyles (D:13)
  A smoke demon (Depths:2)
  2 centaur skeletons
  3 orange demons
  6 torpor snails
  2 kobold demonologists
  A green draconian zombie (Crypt:1)
  An unseen horror (D:13)
  2 komodo dragons
  A redback zombie (Crypt:2)
  5 tengu conjurers
  2 efreet
  A hellion (Depths:3)
  A naga skeleton (Crypt:1)
  Jeremiah (Lair:1)
  4 freezing wraiths (Crypt:1)
  10 rime drakes
  A tormentor (Zot:4)
  19 yaktaurs
  A queen bee (D:12)
  An ice devil (D:15)
  2 catoblepas skeletons (Crypt:3)
  A green draconian skeleton (Crypt:2)
  36 merfolk
  6 trolls
  6 meliai
  A purple draconian skeleton (Crypt:2)
  A red draconian skeleton (Crypt:1)
  13 hornets
  4 tyrant leeches
  A hydra skeleton (Crypt:2)
  8 polar bears
  5 wind drakes
  A death drake zombie (Crypt:2)
  Prince Ribbit (D:9)
  A tengu simulacrum (Vaults:1)
  2 glass eyes
  A tarantella (Vaults:3)
  8 snapping turtles
  2 dream sheep (D:9)
  3 spriggans (Depths:2)
  A deep troll zombie (Vaults:4)
  A black mamba zombie (Crypt:1)
  A human simulacrum (Vaults:4)
  8 flying skulls (Crypt:1)
  2 shadows
  6 air elementals
  62 slime creatures
  8 vampires
  A ynoxinul (Depths:2)
  11 water elementals
  2 wyverns
  9 wraiths
  46 yaks
  A slime creature zombie (Crypt:2)
  7 fire bats (Volcano)
  7 humans
  2 fire elementals
  2 ettin skeletons
  4 golden eyes (Slime:1)
  A basilisk (shapeshifter) (D:13)
  8 steam dragons
  4 redbacks
  Grum (Lair:1)
  7 vampire mosquitoes
  7 basilisks
  A water nymph zombie (Crypt:3)
  46 nagas
  10 wargs
  A merfolk zombie (Crypt:3)
  A two-headed ogre zombie (Crypt:3)
  4 swamp worms (D:13)
  A swamp worm (shapeshifter) (Depths:3)
  A naga zombie (Crypt:2)
  3 hell hounds (Volcano)
  2 acid dragons
  2 human skeletons
  11 water moccasins
  A faun skeleton (Crypt:1)
  A meliai simulacrum (D:14)
  A small abomination (Depths:4)
  39 orc warriors
  An ettin simulacrum (Vaults:2)
  3 black bears
  25 wolves
  2 ogres
  13 centaurs
  A torpor snail zombie (Crypt:1)
  7 kobold brigands
  2 phantoms
  10 bullfrogs
  3 scorpions
  A draconian skeleton (Crypt:3)
  An elf skeleton (Crypt:2)
  3 earth elementals
  An ogre simulacrum (Vaults:1)
  3 wights (D:8)
  22 killer bees
  An electric eel (Lair:5)
  4 howler monkeys (D:7)
  A troll skeleton (Crypt:1)
  A raiju skeleton (Crypt:3)
  6 lava snakes (Volcano)
  Crazy Yiuf (D:4)
  2 hounds (D:5)
  2 gnoll boudas
  3 jellies
  33 orc priests
  An iguana (D:6)
  An iron imp (Depths:4)
  A sleepcap (D:5)
  Ijyb (D:4)
  A scorpion zombie (Crypt:1)
  31 orc wizards
  A hound zombie (Crypt:1)
  3 mummies (Crypt:2)
  12 gnolls
  6 adders
  13 white imps
  2 ufetubi (D:7)
  2 worms
  2 dart slugs (D:4)
  78 orcs
  11 bats
  3 endoplasms
  3 giant cockroaches
  7 goblins
  8 hobgoblins
  3 jackals (D:2)
  4 quokkas
  8 ball pythons
  A dart slug zombie (Crypt:3)
  3 frilled lizards
  35 kobolds
  A kobold skeleton (Crypt:2)
  9 rats
1989 creatures vanquished.

Vanquished Creatures (collateral kills)
  An orb of fire (Zot:5)
  An ancient lich (Zot:5)
  2 Killer Klowns (Zot:5)
  A caustic shrike (Depths:4)
  A golden dragon (Depths:3)
  An electric golem (Zot:5)
  A tentacled monstrosity (Zot:5)
  A titan (Depths:3)
  A walking divine tome (Depths:3)
  12 Orb Guardians (Zot:5)
  A quicksilver dragon (Zot:5)
  An acid blob (Slime:5)
  A storm dragon (Zot:5)
  2 shadow dragons
  A tengu reaver (Depths:3)
  A rockslime (Slime:5)
  A frost giant (Depths:2)
  2 fire giants
  5 very ugly things
  2 stone giants
  A vampire knight (Depths:3)
  A red draconian (Zot:5)
  4 dire elephants (Vaults:2)
  2 white draconians
  An ettin (Depths:3)
  A fire dragon (D:15)
  A great orb of eyes (Vaults:3)
  A rakshasa (Depths:3)
  6 ice dragons
  3 alligator snapping turtles (Shoals:4)
  The ghost of YxngMxddx the Severer, a novice MiBe of Trog (D:9)
  A merfolk aquamancer (Shoals:4)
  A boulder beetle (D:15)
  A naga warrior (Snake:2)
  A deep troll earth mage (Depths:3)
  2 deep trolls (Vaults:2)
  5 skeletal warriors
  A tengu zombie (Vaults:3)
  A golden dragon skeleton (Depths:1)
  5 orc knights
  3 ugly things
  A cyclops (D:12)
  A black mamba (Snake:1)
  3 moths of wrath (Zot:5)
  A human skeleton (Vaults:2)
  An elephant (Lair:4)
  A naga mage (Snake:2)
  A gargoyle (D:13)
  A cane toad (Lair:1)
  A freezing wraith (Vaults:3)
  2 merfolk
  A slime creature (D:12)
  A deep troll skeleton (Vaults:3)
  A wyvern (Lair:1)
  A shadow (D:8)
  A warg (D:9)
  A naga (Snake:1)
  An acid dragon (D:12)
  5 orc warriors
  A centaur (D:8)
  4 killer bees (D:12)
  2 orc priests
  A gnoll bouda (D:8)
  3 orc wizards
  7 gnolls (D:8)
  6 orcs (D:9)
131 creatures vanquished.

Vanquished Creatures (others)
  A shadow dragon (Zot:2)
  4 humans (Shoals:2)
  An orc warrior (Crypt:2)
  4 tentacles (Shoals:4)
10 creatures vanquished.

Grand Total: 2130 creatures vanquished

Notes
Turn   | Place    | Note
-------+----------+-------------------------------------------
     0 | D:1      | Sergey the Deep Elf Air Elementalist began the quest for
                  | the Orb.
     0 | D:1      | Reached XP level 1. HP: 10/10 MP: 6/6
   381 | D:1      | Reached XP level 2. HP: 15/15 MP: 6/8
   393 | D:1      | Learned a level 2 spell: Static Discharge
  2031 | D:2      | Reached skill level 1 in Fighting
  2152 | D:2      | Reached XP level 3. HP: 20/20 MP: 6/9
  2234 | D:1      | Learned a level 3 spell: Swiftness
  2500 | D:2      | Found a faded altar of an unknown god.
  2507 | D:2      | Prayed at the altar of an unknown god.
  2507 | D:2      | Became a worshipper of Sif Muna the Loreminder
  2507 | D:2      | Reached * piety under Sif Muna
  3402 | D:2      | Found a shadowy altar of Dithmenos.
  4167 | D:3      | Reached ** piety under Sif Muna
  4168 | D:3      | Reached XP level 4. HP: 24/26 MP: 4/10
  6623 | D:4      | You fall into a shaft and drop 2 floors!
  6710 | D:6      | Noticed a steam dragon
  6755 | D:6      | Reached skill level 5 in Stealth
  6842 | D:6      | Found Koosch's Magic Scroll Boutique.
  6858 | D:6      | Bought a scroll of identify for 26 gold pieces
  6858 | D:6      | Bought a scroll of fear for 52 gold pieces
  6858 | D:6      | Bought a scroll of identify for 26 gold pieces
  6859 | D:6      | Identified a scroll of acquirement
  6860 | D:6      | Identified the "Fuogeoc" (You acquired it on level 6 of
                  | the Dungeon)
  6860 | D:6      | Acquired 868 gold pieces
  6862 | D:6      | Bought a scroll of identify for 26 gold pieces
  6862 | D:6      | Bought a scroll of immolation for 52 gold pieces
  6862 | D:6      | Bought a scroll of noise for 13 gold pieces
  6862 | D:6      | Bought a scroll of fog for 52 gold pieces
  6866 | D:5      | Entered Level 5 of the Dungeon
  6944 | D:5      | Reached XP level 5. HP: 21/30 MP: 2/11
  7066 | D:4      | Learned a level 4 spell: Airstrike
  7097 | D:4      | Noticed Grinder
  7224 | D:4      | Noticed a phantom
  7333 | D:4      | Found a staircase to the Ecumenical Temple.
  7413 | D:4      | Noticed Ijyb
  7560 | D:5      | Noticed a water moccasin
  8662 | D:5      | Reached skill level 5 in Air Magic
  8662 | D:5      | Reached XP level 6. HP: 32/35 MP: 9/12
  8772 | D:5      | Noticed a water moccasin
  9375 | D:4      | Learned a level 2 spell: Passwall
  9554 | D:4      | Found a runed translucent door.
  9555 | D:4      | Noticed Crazy Yiuf
  9570 | D:4      | Killed Crazy Yiuf
  9794 | D:5      | Found Diguluur's Antique Weapon Shop.
 10294 | D:4      | Reached XP level 7. HP: 36/40 MP: 0/15
 10384 | D:4      | Killed Ijyb
 12667 | D:6      | Reached skill level 5 in Spellcasting
 12713 | D:6      | Killed a steam dragon
 12714 | D:6      | Reached XP level 8. HP: 46/46 MP: 8/19
 14048 | D:7      | Found a stormy altar of Qazlal.
 14213 | D:7      | Found a sparkling altar of Nemelex Xobeh.
 15353 | D:7      | Noticed Maggie
 15391 | D:7      | Killed Maggie
 15392 | D:7      | Reached skill level 2 in Ice Magic
 15392 | D:7      | Reached XP level 9. HP: 50/52 MP: 13/21
 16708 | D:7      | Reached skill level 1 in Armour
 17578 | D:8      | Reached XP level 10. HP: 56/56 MP: 19/24
 17963 | D:9      | Noticed Prince Ribbit
 18051 | D:9      | Killed Prince Ribbit
 18304 | D:9      | Found a runed translucent gate.
 18305 | D:9      | Found a runed translucent gate.
 18305 | D:9      | Noticed YxngMxddx's ghost (novice MiBe)
 18306 | D:9      | Found a runed translucent gate.
 18472 | D:9      | Noticed Erica
 18517 | D:9      | Reached skill level 5 in Evocations
 18522 | D:9      | Reached *** piety under Sif Muna
 18529 | D:9      | Reached skill level 5 in Conjurations
 18531 | D:9      | Reached skill level 3 in Ice Magic
 18613 | D:9      | Reached skill level 4 in Ice Magic
 19027 | D:9      | Reached skill level 5 in Ice Magic
 19795 | D:9      | Found a staircase to the Orcish Mines.
 20225 | D:9      | Learned a level 5 spell: Freezing Cloud
 20282 | D:9      | Reached skill level 6 in Ice Magic
 20399 | D:10     | Entered Level 10 of the Dungeon
 20790 | D:10     | Reached XP level 11. HP: 51/61 MP: 7/25
 21235 | D:10     | Found a staircase to the Lair.
 21391 | D:10     | Noticed Amaemon
 21412 | D:10     | Killed Amaemon
 21413 | D:10     | Reached skill level 7 in Ice Magic
 21597 | D:10     | Reached skill level 5 in Fighting
 22161 | Gauntlet | Identified the "Qirhu"
 22161 | Gauntlet | Identified the of Qamest
 22161 | Lair:1   | Entered Level 1 of the Lair of Beasts
 22161 | Lair:1   | Noticed Jeremiah
 22168 | Lair:1   | Killed Jeremiah
 22169 | Lair:1   | Reached skill level 5 in Dodging
 22291 | Lair:1   | Found a gate leading to a gauntlet.
 22417 | Gauntlet | Entered a Gauntlet
 22417 | Gauntlet | Found a transporter.
 22417 | Gauntlet | Found a transporter.
 22419 | Gauntlet | Noticed a tengu warrior
 22435 | Gauntlet | Noticed a shining eye
 22443 | Gauntlet | Found a transporter.
 22447 | Gauntlet | Found a transporter.
 22458 | Gauntlet | Found a transporter.
 22459 | Gauntlet | Found a transporter.
 22463 | Gauntlet | Found a runed translucent door.
 22463 | Gauntlet | Found a runed translucent door.
 22467 | Gauntlet | Found a transporter.
 22483 | Gauntlet | Found a transporter.
 22484 | Gauntlet | Noticed a death drake
 22497 | Gauntlet | Found a transporter.
 22501 | Gauntlet | Found a transporter.
 22502 | Gauntlet | Noticed a fire crab
 22509 | Gauntlet | Found a transporter.
 22513 | Gauntlet | Found a transporter.
 22962 | Lair:1   | Found a snail-covered altar of Cheibriados.
 22963 | Lair:1   | Noticed a death yak
 22977 | Lair:1   | Killed a death yak
 22978 | Lair:1   | Reached skill level 5 in Invocations
 22998 | Lair:1   | Noticed Grum
 23010 | Lair:1   | Killed Grum
 23050 | Lair:1   | Noticed Harold
 23057 | Lair:1   | Killed Harold
 23211 | Lair:1   | Noticed a deep troll
 23301 | Lair:2   | Noticed a death yak
 23301 | Lair:2   | Noticed a death yak
 23313 | Lair:2   | Killed a death yak
 23314 | Lair:2   | Reached skill level 5 in Armour
 23421 | Lair:2   | Noticed a death yak
 23437 | Lair:2   | Killed a death yak
 23438 | Lair:2   | Reached skill level 10 in Spellcasting
 23452 | Lair:2   | Noticed a death yak
 23455 | Lair:2   | Killed a death yak
 23638 | Lair:2   | Found a staircase to the Shoals.
 23711 | Lair:2   | Reached XP level 12. HP: 68/68 MP: 12/28
 24041 | Lair:2   | Reached **** piety under Sif Muna
 24251 | Lair:2   | Killed a death yak
 25059 | Lair:3   | Noticed a seven-headed hydra
 25066 | Lair:3   | Killed a seven-headed hydra
 25399 | Lair:3   | Found a staircase to the Snake Pit.
 25442 | Lair:3   | Found a runed translucent gate.
 25442 | Lair:3   | Found a runed translucent gate.
 25446 | Lair:3   | Found a runed translucent gate.
 25620 | Lair:3   | Noticed a death yak
 25620 | Lair:3   | Noticed a death yak
 25620 | Lair:3   | Noticed a death yak
 25621 | Lair:3   | Noticed a death yak
 25632 | Lair:3   | Killed a death yak
 25635 | Lair:3   | Killed a death yak
 25653 | Lair:3   | Noticed a death yak
 25663 | Lair:3   | Killed a death yak
 25664 | Lair:3   | Reached skill level 10 in Air Magic
 25665 | Lair:3   | Killed a death yak
 25667 | Lair:3   | Killed a death yak
 25698 | Lair:3   | Noticed a boulder beetle
 25706 | Lair:3   | Killed a boulder beetle
 26771 | Lair:3   | Noticed Zgarb's ghost (journeyman KoEE)
 26789 | Lair:4   | Noticed a catoblepas
 26832 | Lair:4   | Reached XP level 13. HP: 69/76 MP: 17/31
 26962 | Lair:4   | Found a frozen archway.
 27054 | IceCv    | Entered an ice cave
 29862 | IceCv    | Noticed a frost giant
 30111 | IceCv    | Killed a frost giant
 31624 | Lair:4   | Reached skill level 10 in Dodging
 31988 | Lair:4   | Reached ***** piety under Sif Muna
 32627 | Lair:5   | Entered Level 5 of the Lair of Beasts
 32996 | Lair:5   | Found a dark tunnel.
 33015 | Volcano  | Entered a volcano
 33487 | Volcano  | Reached XP level 14. HP: 84/84 MP: 23/32
 33832 | Volcano  | Found a radiant altar of Vehumet.
 33872 | Volcano  | Identified the +1 scale mail "Ypsucuadd" {rF+}
 33880 | Volcano  | Found a bloodstained altar of Trog.
 34112 | Lair:5   | Found a viscous altar of Jiyva.
 34113 | Lair:5   | Found a staircase to the Slime Pits.
 34530 | Lair:5   | Found a runed translucent door.
 35263 | Lair:5   | Identified the "Ovahakif" (Sif Muna gifted it to you on
                  | level 5 of the Lair of Beasts)
 35263 | Lair:5   | Received a gift from Sif Muna
 35272 | Lair:5   | Learned a level 4 spell: Summon Lightning Spire
 35960 | D:11     | Reached skill level 1 in Summonings
 37033 | D:12     | Reached skill level 8 in Ice Magic
 39860 | D:13     | Reached skill level 9 in Ice Magic
 40404 | D:13     | Reached XP level 15. HP: 92/92 MP: 17/35
 40462 | D:13     | Reached skill level 10 in Fighting
 40470 | D:13     | Learned a level 7 spell: Ozocubu's Refrigeration
 40542 | D:13     | Found a gate to the Vaults.
 41935 | D:14     | Identified the +1 chain mail "Yteonosi" {Rampage rF+ rC+}
 42569 | Orc:1    | Entered Level 1 of the Orcish Mines
 43150 | Orc:1    | Reached skill level 10 in Ice Magic
 43722 | Orc:1    | Noticed Maurice
 43730 | Orc:1    | Killed Maurice
 44000 | Orc:1    | Found a runed translucent door.
 44174 | Orc:1    | Reached skill level 15 in Spellcasting
 44468 | Orc:2    | Entered Level 2 of the Orcish Mines
 44719 | Orc:2    | Reached skill level 11 in Ice Magic
 45159 | Orc:2    | Found Olovviag's Antique Weapon Shop.
 45165 | Orc:2    | Found Raegg's Armour Boutique.
 45166 | Orc:2    | Found Watenatz's Antique Armour Boutique.
 45171 | Orc:2    | Found Vutodaifa's Assorted Antiques.
 45209 | Orc:2    | Bought the +3 crown of Dyrovepreva {rElec Int+2 SInv} for
                  | 703 gold pieces
 45209 | Orc:2    | Found the +3 crown of Dyrovepreva {rElec Int+2 SInv}
 45458 | Orc:2    | Found Zutyaxto's Assorted Antiques.
 45466 | Orc:2    | Bought 2 bubbling puce potions for 61 gold pieces
 45466 | Orc:2    | Bought a potion of curing for 102 gold pieces
 45557 | Orc:2    | Identified the "Ypap Naoc" (Sif Muna gifted it to you on
                  | level 2 of the Orcish Mines)
 45557 | Orc:2    | Received a gift from Sif Muna
 45862 | Orc:2    | Found a staircase to the Elven Halls.
 46199 | D:9      | Killed Erica
 46545 | D:15     | Entered Level 15 of the Dungeon
 47339 | D:15     | Reached skill level 12 in Ice Magic
 48307 | D:15     | Found a staircase to the Depths.
 48754 | Snake:1  | Entered Level 1 of the Snake Pit
 49096 | Snake:1  | Reached skill level 13 in Ice Magic
 50813 | Snake:2  | Reached skill level 14 in Ice Magic
 51290 | Snake:2  | Reached XP level 16. HP: 97/97 MP: 18/37
 51416 | Snake:2  | Noticed Donald
 51540 | Snake:2  | Found Vaicap's General Store.
 51548 | Snake:2  | Identified the "Ifoklage" (Sif Muna gifted it to you on
                  | level 2 of the Snake Pit)
 51548 | Snake:2  | Received a gift from Sif Muna
 51553 | Snake:2  | Bought a potion of heal wounds for 90 gold pieces
 51691 | Snake:2  | Reached skill level 15 in Ice Magic
 52390 | Snake:2  | Found Iklyo's Jewellery Boutique.
 52390 | Snake:2  | Found Viph's Book Shoppe.
 52393 | Snake:2  | Found Jigouc's Book Shoppe.
 52440 | Snake:2  | Bought an amulet of regeneration for 540 gold pieces
 52453 | Snake:2  | Bought a ring of protection from cold for 450 gold pieces
 52459 | Snake:2  | Bought an Everburning Encyclopedia for 504 gold pieces
 52459 | Snake:2  | Bought an Inescapable Atlas for 224 gold pieces
 52462 | Snake:2  | Learned a level 2 spell: Blink
 52548 | Snake:2  | Reached skill level 1 in Translocations
 52907 | Snake:2  | Killed Donald
 53029 | Snake:3  | Identified the "Nuytt"
 53114 | Snake:3  | Reached skill level 16 in Ice Magic
 53197 | Snake:3  | Noticed Bai Suzhen
 53751 | Snake:3  | Noticed Vashnia
 54415 | Snake:3  | Killed Vashnia
 54900 | Snake:3  | Identified the serpent talisman of the Cricket {rPois SInv}
 54900 | Snake:3  | Noticed Aizul
 55042 | Shoals:1 | Entered Level 1 of the Shoals
 55042 | Shoals:1 | Noticed Roxanne
 55087 | Shoals:1 | Identified the ring "Tujon" {rC+ rN+}
 55899 | Shoals:1 | Noticed Josephine
 55907 | Shoals:1 | Killed Josephine
 56654 | Shoals:1 | Killed Roxanne
 56655 | Shoals:1 | Reached skill level 10 in Invocations
 56799 | Shoals:2 | Noticed Polyphemus
 56799 | Shoals:2 | Noticed Ilsuiw
 57019 | Shoals:2 | Killed Ilsuiw
 57020 | Shoals:2 | Reached XP level 17. HP: 59/103 MP: 1/39
 57614 | Shoals:2 | Killed Polyphemus
 57946 | Shoals:2 | Noticed Kirke
 57953 | Shoals:2 | Killed Kirke
 59252 | Shoals:3 | Found a runed translucent door.
 59255 | Shoals:3 | Noticed protoss039's ghost (journeyman DsEE)
 60160 | Shoals:4 | Entered Level 4 of the Shoals
 61021 | Shoals:4 | Noticed a kraken
 61034 | Shoals:4 | Killed a kraken
 61410 | Shoals:4 | Found a sacrificial altar of Ru.
 63073 | Shoals:4 | Identified the +0 robe of the Lute {Will+}
 63125 | Shoals:4 | Got a barnacled rune of Zot
 63612 | Crypt:3  | Identified the "Mauvva"
 63612 | Elf:1    | Identified the "Ifimeudi"
 63612 | Elf:1    | Identified the "Vyddots"
 63612 | Elf:1    | Entered Level 1 of the Elven Halls
 63738 | Elf:1    | Found Xiboam's Mayhem Merchandise.
 63849 | Elf:1    | Reached skill level 1 in Shields
 64538 | Elf:1    | Found Vinut's Weapon Emporium.
 64538 | Elf:1    | Found Cuattas's Magic Scroll Shoppe.
 64540 | Elf:1    | Found Xaruliel's Jewellery Emporium.
 64543 | Elf:1    | Found Rymippot's Armour Shoppe.
 64556 | Elf:1    | Bought a scroll of revelation for 120 gold pieces
 64556 | Elf:1    | Bought a scroll of revelation for 120 gold pieces
 64556 | Elf:1    | Bought a scroll of enchant armour for 120 gold pieces
 64561 | Elf:1    | Bought a scroll of butterflies for 64 gold pieces
 64621 | Elf:1    | Found Voppexto's Magic Scroll Boutique.
 64715 | Elf:1    | Paralysed by an air elemental for 1 turns
 65683 | Elf:1    | Reached XP level 18. HP: 111/111 MP: 19/41
 66676 | Elf:2    | Found a runed translucent gate.
 66680 | Elf:2    | Identified the of Wyfuetou (Sif Muna gifted it to you on
                  | level 2 of the Elven Halls)
 66680 | Elf:2    | Received a gift from Sif Muna
 66834 | Elf:2    | Found a runed translucent gate.
 66835 | Elf:2    | Found a runed translucent gate.
 67113 | Elf:2    | Identified the +1 falchion of Tumult {flame, rElec Int+3}
 67827 | Elf:2    | Found Ysaw's Antique Armour Shoppe.
 67835 | Elf:2    | Bought a bloodstained leather armour for 245 gold pieces
 67835 | Elf:2    | Identified the +2 leather armour of Mejarim {Int+4} (You
                  | bought it in a shop on level 2 of the Elven Halls)
 67835 | Elf:2    | Bought a pair of twisted gloves for 332 gold pieces
 67835 | Elf:2    | Identified the +0 pair of gloves "Olas" {Rampage +Inv Will+
                  | Dex+4} (You bought it in a shop on level 2 of the Elven
                  | Halls)
 67917 | Elf:3    | Entered Level 3 of the Elven Halls
 68727 | Elf:3    | Reached skill level 5 in Shields
 68881 | Elf:3    | Noticed a Brimstone Fiend
 69895 | Elf:3    | Identified the ring of Dimootec {Wiz rCorr Str-3 Dex+5}
 70274 | Elf:3    | Identified the ring "Zatacuops" {Wiz rN+ MP+9 Slay+4}
 71217 | Elf:3    | Noticed Norris
 71324 | Elf:3    | Killed Norris
 72181 | Elf:3    | Identified the +2 halberd of Kied {speed, rPois rF+ rN+}
 73069 | Elf:3    | Identified the +3 arbalest of the Thoughtful Portals
                  | {drain, rC- rN+ Will+ Str+3}
 73606 | Snake:3  | Noticed Nikola
 73647 | Snake:3  | Reached skill level 10 in Evocations
 73876 | Snake:2  | Killed Bai Suzhen
 73877 | Snake:2  | Reached XP level 19. HP: 100/116 MP: 0/43
 74040 | Snake:2  | Killed Aizul
 74193 | Snake:3  | Killed Nikola
 74653 | Snake:4  | Entered Level 4 of the Snake Pit
 75114 | Snake:4  | Reached skill level 15 in Dodging
 78203 | Snake:4  | Got a serpentine rune of Zot
 78661 | Vaults:1 | Entered Level 1 of the Vaults
 78717 | Vaults:1 | Identified the +4 orcbow of the Fortune-Teller {drain,
                  | rElec rC+ Str+3}
 81003 | Vaults:1 | Learned a level 5 spell: Lee's Rapid Deconstruction
 81062 | Vaults:1 | Reached skill level 1 in Earth Magic
 82345 | Vaults:2 | Found a magical portal.
 82350 | WizLab   | Entered Borgnjor's Mausoleum
 82532 | Vaults:2 | Found Cenialec's Magic Scroll Shoppe.
 82637 | Vaults:2 | Bought a scroll of revelation for 142 gold pieces
 82637 | Vaults:2 | Bought a scroll of blinking for 142 gold pieces
 82637 | Vaults:2 | Bought a scroll of fog for 76 gold pieces
 82932 | Vaults:2 | Learned a level 6 spell: Simulacrum
 83313 | Vaults:2 | Reached skill level 1 in Necromancy
 83323 | Vaults:2 | Reached skill level 5 in Earth Magic
 83659 | Vaults:2 | Found Onluuj's Jewellery Emporium.
 83668 | Vaults:2 | Bought the amulet "Bane" {Reflect Regen+ SH+5} for 481 gold
                  | pieces
 83718 | Vaults:2 | Noticed Zenata
 83726 | Vaults:2 | Found Viroer's Distillery.
 83730 | Vaults:2 | Killed Zenata
 83753 | Vaults:2 | Found Gaghil's Antique Weapon Emporium.
 83759 | Vaults:2 | Bought a potion of curing for 48 gold pieces
 83759 | Vaults:2 | Bought a potion of resistance for 160 gold pieces
 83759 | Vaults:2 | Bought a potion of brilliance for 64 gold pieces
 83759 | Vaults:2 | Bought a potion of curing for 48 gold pieces
 83759 | Vaults:2 | Bought a potion of cancellation for 128 gold pieces
 83763 | Vaults:2 | Identified the "Addu Quf" (Sif Muna gifted it to you on
                  | level 2 of the Vaults)
 83763 | Vaults:2 | Received a gift from Sif Muna
 83766 | Vaults:2 | Reached XP level 20. HP: 127/127 MP: 24/44
 84455 | Vaults:2 | Learned a level 5 spell: Borgnjor's Vile Clutch
 84642 | Vaults:2 | Found Ugriwu's Magic Scroll Shop.
 84647 | Vaults:2 | Bought a scroll of teleportation for 39 gold pieces
 84647 | Vaults:2 | Bought a scroll of teleportation for 39 gold pieces
 84647 | Vaults:2 | Bought a scroll of teleportation for 39 gold pieces
 84647 | Vaults:2 | Bought 3 scrolls of butterflies for 156 gold pieces
 84647 | Vaults:2 | Bought a scroll of butterflies for 52 gold pieces
 85569 | Vaults:2 | You fall into a shaft and drop 2 floors!
 85730 | Vaults:4 | Reached skill level 5 in Necromancy
 86842 | Vaults:3 | Found Qooder's Book Emporium.
 87388 | Vaults:3 | Found a transporter.
 87388 | Vaults:3 | Found a transporter.
 89450 | Vaults:3 | Found a staircase to the Crypt.
 89450 | Vaults:3 | Found a basalt altar of Yredelemnul.
 89451 | Vaults:3 | Found an ancient bone altar of Kikubaaqudgha.
 89713 | Vaults:3 | Bought a book of Annihilations for 780 gold pieces
 89797 | Vaults:3 | Reached skill level 15 in Fighting
 90893 | Vaults:3 | Identified the ring of the Pharaoh's Fist {rN+ Str+2}
 92089 | Vaults:4 | Reached skill level 17 in Ice Magic
 92428 | Vaults:4 | Found Voffiusm's Book Boutique.
 92644 | Vaults:4 | Found a runed translucent door.
 92646 | Vaults:4 | Noticed Konoat's ghost (adept MiFi)
 93263 | D:9      | Killed YxngMxddx's ghost
 93705 | Depths:1 | Entered Level 1 of the Depths
 94053 | Depths:1 | Found a blossoming altar of Fedhas.
 94314 | Depths:1 | Found a transporter.
 94329 | Depths:1 | Found a one-way gate to the infinite horrors of the Abyss.
 94337 | Depths:1 | Reached XP level 21. HP: 134/134 MP: 30/45
 94347 | Depths:1 | Reached skill level 18 in Ice Magic
 94519 | Depths:1 | Found a transporter.
 94862 | Vaults:3 | Acquired 1113 gold pieces
 94864 | Vaults:3 | Bought a manual of Shapeshifting for 1040 gold pieces
 95334 | Depths:1 | Reached skill level 1 in Shapeshifting
 95482 | Depths:1 | Found a gateway to Hell.
 96083 | Depths:2 | Reached skill level 5 in Shapeshifting
 96651 | Depths:2 | Identified the "Wikoas" (Sif Muna gifted it to you on
                  | level 2 of the Depths)
 96651 | Depths:2 | Received a gift from Sif Muna
 96836 | Depths:2 | Found a transporter.
 97268 | Depths:2 | Reached skill level 10 in Shapeshifting
 98121 | Depths:2 | Found a one-way gate leading to the halls of Pandemonium.
 98308 | Depths:2 | Found a transporter.
 98492 | Depths:2 | Found an opulent altar of Gozag.
 99031 | Depths:3 | Found a one-way gateway to a ziggurat.
 99232 | Depths:3 | Found a shimmering blue altar of Sif Muna.
100881 | Depths:3 | Noticed a golden dragon
101268 | Depths:3 | Killed a golden dragon
101439 | Depths:3 | Reached skill level 15 in Shapeshifting
102602 | Slime:1  | Entered Level 1 of the Pits of Slime
102730 | Slime:2  | Gained mutation: Armour fits poorly on your strangely
                  | shaped body. [a shining eye]
102734 | Slime:2  | Reached XP level 22. HP: 140/140 MP: 18/46
103289 | Slime:4  | Reached skill level 19 in Ice Magic
103928 | Depths:2 | Learned a level 1 spell: Apportation
104093 | Depths:2 | Learned a level 9 spell: Polar Vortex
104222 | Depths:2 | Identified the ring "Buin" {MP+9 Slay+2}
104223 | Depths:2 | Identified the ring "Sekum" {+Blink rPois Int-4 SInv}
104534 | Depths:3 | Reached skill level 1 in Unarmed Combat
104770 | Depths:4 | Entered Level 4 of the Depths
104840 | Depths:4 | Noticed a caustic shrike
104845 | Depths:4 | Noticed a caustic shrike
104846 | Depths:4 | Noticed a caustic shrike
104847 | Depths:4 | Noticed a caustic shrike
104850 | Depths:4 | Killed a caustic shrike
104850 | Depths:4 | Killed a caustic shrike
104850 | Depths:4 | Killed a caustic shrike
104852 | Depths:4 | Killed a caustic shrike
104954 | Depths:4 | Noticed a golden dragon
104969 | Depths:4 | Killed a golden dragon
104970 | Depths:4 | Reached skill level 5 in Unarmed Combat
105118 | Depths:4 | Found a gate to the Realm of Zot.
105776 | Crypt:1  | Entered Level 1 of the Crypt
106292 | Crypt:1  | Reached skill level 20 in Ice Magic
106350 | Crypt:1  | Identified the +5 chain mail of the Nexus {Will+ Dex+4
                  | Stlth+}
106351 | Crypt:1  | Noticed Vv
106393 | Crypt:1  | Noticed Xtahua
106645 | Crypt:1  | Noticed Jory
106760 | Crypt:1  | Reached skill level 10 in Unarmed Combat
106969 | Crypt:1  | Killed Xtahua
106999 | Crypt:1  | Killed Vv
107201 | Crypt:1  | Killed Jory
107202 | Crypt:1  | Reached XP level 23. HP: 130/144 MP: 37/47
107673 | Crypt:2  | Noticed Khufu
107692 | Crypt:1  | Killed Khufu
107820 | Vaults:3 | Reached skill level 21 in Ice Magic
108651 | Crypt:2  | Noticed Saint Roka
108662 | Crypt:2  | Killed Saint Roka
109691 | Crypt:3  | Entered Level 3 of the Crypt
109694 | Crypt:3  | Found an ancient bone altar of Kikubaaqudgha.
110079 | Crypt:3  | Reached skill level 22 in Ice Magic
110115 | Crypt:3  | Found a staircase to the Tomb.
110401 | Crypt:3  | Identified the "Uhidoiwn" (Sif Muna gifted it to you on
                  | level 3 of the Crypt)
110401 | Crypt:3  | Received a gift from Sif Muna
110670 | Crypt:3  | Identified the +9 glaive of War {pain, SInv}
110670 | Crypt:3  | Identified the ring "Reilumnoeqon" {Contam Will+++ rCorr
                  | Str+3 Int+6}
110679 | Crypt:3  | Identified the ring "Heoxzuf" {rPois rN+ Dex+3}
110724 | Crypt:3  | Found an ancient bone altar of Kikubaaqudgha.
110732 | Crypt:3  | Found a basalt altar of Yredelemnul.
110779 | Crypt:3  | Identified the ring "Sinnub" {rN+ Dex+2}
110779 | Crypt:3  | Identified the ring "Delinwemu" {rN+ Str+3}
110802 | Crypt:3  | Identified the +1 scale mail of Weightlessness {rElec rC-
                  | Str+8 Dex-5}
111285 | Slime:5  | Entered Level 5 of the Pits of Slime
111285 | Slime:5  | Found the +7 great mace "Undeadhunter" {deathbane, rN+}
111297 | Slime:5  | Noticed the Royal Jelly
111687 | Slime:5  | Found a viscous altar of Jiyva.
112364 | Slime:5  | Identified the scarf of a ziggurat {shadows, Str+6 Dex-2}
112369 | Slime:5  | Got a slimy rune of Zot
112532 | Slime:5  | Identified the ring "Luosij" {Ice rElec rN++ Str+3 Dex-4}
113242 | Zot:1    | Entered Level 1 of the Realm of Zot
113252 | Zot:1    | Noticed a Killer Klown
113252 | Zot:1    | Noticed a Killer Klown
113257 | Depths:4 | Killed a Killer Klown
113359 | Zot:1    | a Killer Klown changed into a juggernaut
113359 | Zot:1    | Noticed a juggernaut
113368 | Zot:1    | Noticed a Killer Klown
113369 | Zot:1    | Killed a juggernaut
113371 | Zot:1    | Killed a Killer Klown
113481 | Zot:1    | Reached XP level 24. HP: 150/150 MP: 36/49
113733 | Zot:1    | Noticed a Killer Klown
113887 | Zot:1    | Killed a Killer Klown
114431 | Zot:3    | Reached skill level 15 in Invocations
114637 | Zot:3    | Identified the +5 double sword of the Charming Gods
                  | {freeze, rCorr MP+9}
115495 | Zot:4    | Found the +4 dragonskin cloak
115495 | Zot:4    | Noticed Tiamat
115563 | Zot:5    | Entered Level 5 of the Realm of Zot
115959 | Zot:5    | Received a gift from Sif Muna
116248 | Zot:5    | Noticed an orb of fire
116248 | Zot:5    | Noticed a Killer Klown
116248 | Zot:5    | Noticed an ancient lich
116248 | Zot:5    | Noticed a dread lich
116249 | Zot:5    | Noticed an orb of fire
116250 | Zot:5    | Noticed an orb of fire
116251 | Zot:5    | Noticed an orb of fire
116252 | Zot:5    | Killed an ancient lich
116283 | Zot:5    | Killed an orb of fire
116520 | Zot:5    | Noticed a dread lich
116528 | Zot:5    | Killed a dread lich
116991 | Zot:5    | Killed a Killer Klown
116992 | Zot:5    | Reached XP level 25. HP: 159/159 MP: 49/49
117001 | Zot:5    | Killed an orb of fire
117009 | Zot:5    | Noticed a Killer Klown
117012 | Zot:5    | Killed a Killer Klown
117023 | Zot:5    | Noticed an ancient lich
117038 | Zot:5    | Killed an ancient lich
117070 | Zot:5    | Noticed a Killer Klown
117074 | Zot:5    | Killed a Killer Klown
117102 | Zot:5    | Noticed a dread lich
117256 | Zot:5    | Killed a dread lich
117429 | Zot:5    | Gained mutation: You possess an exceptional clarity of
                  | mind. [an orb of fire]
117433 | Zot:5    | Killed an orb of fire
117450 | Zot:5    | Paralysed by a Zot trap for 3 turns
117453 | Zot:5    | Killed a dread lich
117453 | Zot:5    | Killed an orb of fire
117939 | Zot:5    | Got the Orb of Zot
118157 | Depths:4 | Noticed Bionires the pandemonium lord
118381 | D:14     | Noticed Yddamai the pandemonium lord
118546 | D:5      | Noticed a seraph
118615 | D:1      | Noticed Boewneapa the pandemonium lord
118619 | D:$      | Escaped with the Orb!

Illustrated notes

Levels and vault maps discovered:
D:1:      saegor_arrival_simple_d, layout_loops_ring,
          chequers_serial_rivers_micro_b
D:2:      layout_basic, basic_altar, dilly_ecumenical_altar_fadedgnrine,
          kennysheep_generic_room_6
D:3:      layout_rooms
D:4:      layout_loops_cross, minmay_temple_entry_mini_moons, nrook_uturn,
          uniq_grinder, uniq_ijyb, uniq_crazy_yiuf_cottage
D:5:      layout_basic, serial_shops, nicolae_shop_stone
D:6:      layout_loops_corners, nicolae_stop_n_shop_2
D:7:      layout_cave_pools, nicolae_qazlal_scattered_showers,
          lemuel_round_altar, serial_shops, nicolae_take_the_stairs,
          eino_small_chamber_without_monster, mrwooster_statue_mirror,
          feat_on_display, uniq_maggie
D:8:      layout_loops_ring
D:9:      layout_irregular_city, david_orc_4, biasface_ghost_orc_armoury,
          dreamdust_gnoll_shepherd, uniq_prince_ribbit1, uniq_erica
D:10:     layout_small_grid, erik_lair_orcish_takeover, uniq_amaemon
D:11:     layout_long_grid, minmay_misc_feat_four_crosses, unseen_surprise_small
D:12:     layout_cave_pools, special_room [special_room_bee]
D:13:     layout_long_grid, grunt_vaults_entry_fortified, worms_lemuel
D:14:     layout_irregular_city, minivault_11
D:15:     grunt_enter_depths_hoard, layout_cave_pods, chequers_mini_garden
Lair:1:   dreamdust_cave_troll, layout_hall_layers, basic_altar,
          gauntlet_entry_generic, minivault_19, uniq_harold, uniq_jeremiah,
          uniq_grum
Lair:2:   layout_cellular_growth, shoals_dummy_entry
Lair:3:   layout_regular_city, minmay_snake_entry_guardpost_small,
          ebering_ghost_rock_garden
Lair:4:   layout_concentric_octagons, portal_ice_cave_entry_imps,
          grunt_megastairs_4
Lair:5:   wormcave, layout_gridlike, minmay_slime_entry_eyes,
          nicolae_volcano_entry_hallway
Shoals:1: layout_shoals, nicolae_shoals_beach_house_on_fowls_legs, uniq_roxanne,
          uniq_josephine
Shoals:2: layout_shoals, uniq_polyphemus, uniq_ilsuiw, uniq_kirke
Shoals:3: layout_shoals, hellmonk_ghost_happy_afterlife
Shoals:4: shoals_end_hangedman, layout_shoals, lemuel_altar_in_water
Snake:1:  layout_chambers
Snake:2:  layout_layer_cave, serial_shops, shop, minmay_shop_grove, uniq_donald
Snake:3:  layout_rooms, uniq_nikola, uniq_bai_suzhen, uniq_aizul, uniq_vashnia
Snake:4:  snake_pit_salamanders_mu, layout_cave_town, nicolae_letterblocks
          [nicolae_letter_subblock, nicolae_letter_subblock,
          nicolae_letter_subblock, nicolae_letter_subblock,
          nicolae_letter_subblock, nicolae_letter_subblock,
          nicolae_letter_subblock, nicolae_letter_subblock,
          nicolae_letter_subblock, nicolae_letter_subblock,
          nicolae_letter_subblock, nicolae_letter_subblock,
          nicolae_letter_subblock, nicolae_letter_subblock,
          nicolae_letter_subblock, nicolae_letter_subblock,
          nicolae_letter_subblock, nicolae_letter_subblock,
          nicolae_letter_subblock, nicolae_letter_subblock,
          nicolae_letter_subblock, nicolae_letter_subblock,
          nicolae_letter_subblock, nicolae_letter_subblock,
          nicolae_letter_subblock]
Slime:1:  layout_caves
Slime:2:  layout_caves
Slime:3:  layout_caves, basic_altar
Slime:4:  layout_caves
Slime:5:  slime_pit_nicolae_jellycorners
Orc:1:    dreamdust_dug_too_deep, layout_caves, special_room [special_room_orc],
          nicolae_orc_stony_grotto, david_defended_altar_orc, uniq_maurice
Orc:2:    st_orc_mages, layout_caves, serial_shops,
          nicolae_shop_advertising_works [nicolae_subvault_shop_adworks]
Elf:1:    eino_elf_arrival_the_gate, layout_geoelf_grid, serial_shops, shop,
          minmay_elf_annihilation, minmay_shop_mayhem, minmay_shoptagon,
          grunt_megastairs_1
Elf:2:    elven_hall_of_blades_hangedman_original
          [nicolae_blade_entry_diamond_columns], layout_onion_city,
          serial_shops, shop, fake_guardian_serpent_vault
Elf:3:    minmay_elf_hall_circle, layout_rooms, uniq_norris
Vaults:1: vaults_room_pools, nicolae_vaults_six-pack, v_pattern_1,
          ontoclasm_vaults_tryst, nicolae_vaults_tetromino_T_1,
          nicolae_vaults_diagonal_hallway_8,
          serial_library_hellmonk_angled_corner, nicolae_vaults_network_s,
          nicolae_vaults_what_the_h, v_misc_15, nicolae_vaults_big_ls,
          nicolae_vaults_offset_grid_hallway_4, nicolae_vaults_angled_halls,
          nicolae_vaults_security_offices_2, nicolae_vaults_trapezoid_1,
          layout_vaults_ring
Vaults:2: mu_enter_wizlab_2, nicolae_vaults_double_plus_1,
          nicolae_vaults_apartment_2, nicolae_vaults_tetromino_T_2,
          vaults_room_semicircle, nicolae_vaults_three_branches,
          nicolae_vaults_heist, ontoclasm_vaults_eye, v_misc_4,
          vaults_standard_mumra_x, v_alt_pattern_6, layout_vaults_omnigrid,
          serial_shops, shop, shop_scrolls, shop, shop, shop, uniq_zenata
Vaults:3: minmay_crypt_entry_necro_gods, nicolae_vaults_theta,
          hangedman_vaults_locks, gammafunk_the_bubble
          [the_bubble_gammafunk_split], hangedman_vaults_corner_blocks,
          nicolae_vaults_hexular_roomagon, nicolae_vaults_ring_of_whatevers,
          vaults_room_door_hall, v_misc_15, nicolae_vaults_closet_pinwheel_4,
          layout_vaults_chaotic_city, serial_shops, nicolae_shop_back_alley_shop
Vaults:4: ebering_ghost_reflecting_pool, v_alt_pattern_3, vaults_mumra_hexcomb,
          nicolae_vaults_door_testing_chamber, v_misc_18,
          nicolae_vaults_more_shelving_1, nicolae_vaults_trapezoid_lopsided_2,
          hangedman_vaults_stagger, nicolae_vaults_tetromino_L_2,
          nicolae_vaults_trapezoid_lopsided_1, nicolae_vaults_specimen_jars,
          nicolae_vaults_shipping_containers_2, layout_vaults_maze_snakey,
          serial_shops, nicolae_shop_statue_plus
Crypt:1:  grunt_deathspiral_small, layout_rooms, uniq_jory, uniq_xtahua, uniq_vv
Crypt:2:  layout_regular_city, minmay_misc_feat_hallway, uniq_saint_roka,
          uniq_khufu, uniq_grunn
Crypt:3:  lightli_unholy_cathedral, layout_chaotic_city, weyrava_vampire_temple
Depths:1: gammafunk_sealed_arena, layout_gridville, hell_entry, fedhas_altar_2,
          serial_sigils, serial_sigils_hangedman_quiver,
          serial_sigils_hangedman_leer, serial_sigils_hangedman_scar,
          serial_sigils_hangedman_etch, serial_sigils_hangedman_gnaw,
          abyss_entry, nrook_kobold_shadow_demons
Depths:2: gammafunk_its_a_trap, layout_gridlike, lemuel_crystal_altar,
          rand_demon_pan_entry_7, hell_entry, small_chamber_with_monster,
          infiniplex_staircase_pool_1
Depths:3: nooodl_heptagram, layout_long_grid, enter_ziggurat_e,
          hellmonk_sif_muna_bookshelves, abyss_entry_small_statue_room,
          grunt_hell_entry_dis_old
Depths:4: evilmike_zot_entry_basic, layout_basic, hellmouth_2,
          abyss_entry_crystal, hangedman_decor_push, horrible_house_mu
Zot:1:    circus_mu, layout_basic, regret_index_zotdec_bone_old,
          st_large_dragon_hoard_1
Zot:2:    layout_cellular_growth, regret_index_zotdec_serpentine_scales
Zot:3:    layout_basic, nicolae_rock_paper_scissors
Zot:4:    layout_cellular_growth, grunt_megastairs_3, uniq_tiamat
Zot:5:    layout_twisted_circle

Skill      XL: |  1  2  3  4  5  6  7  8  9 10 11 12 13 14 15 16 17 18 19 20 21 22 23 24 25 |
---------------+----------------------------------------------------------------------------+-----
Stealth        | 3 4 5 6 |  6.0
Fighting       | 1 2 3 4 5 7 8 9 10 11 12 14 15 16 17 | 17.3
Conjurations   | 2 4 6 7 |  7.0
Air Magic      | 5 6 7 9 10 | 10.0
Spellcasting   | 4 6 7 8 10 12 14 15 16 17 18 20 | 20.0
Evocations     | 3 5 8 10 | 10.0
Invocations    | 3 6 9 10 11 13 15 | 15.0
Ice Magic      | 2 6 7 9 14 16 17 18 20 22 | 22.0
Armour         | 3 4 6 8 |  8.8
Dodging        | 6 8 10 12 13 14 16 18 20 | 20.0
Summonings     | 4 |  4.0
Translocations | 4 |  4.0
Shields        | 2 7 9 |  9.0
Earth Magic    | 5 8 |  8.0
Necromancy     | 2 8 |  8.0
Shapeshifting  | 16 | 16.0
Unarmed Combat | 10 12 13 | 13.7

Action                     |  1- 3 |  4- 6 |  7- 9 | 10-12 | 13-15 | 16-18 | 19-21 | 22-24 | 25-27 || total
---------------------------+-------+-------+-------+-------+-------+-------+-------+-------+-------++-------
  Melee: Short sword       |       |    19 |     2 |    23 |     1 |       |       |       |       ||    45
         Punch             |       |       |       |     1 |       |       |       |       |       ||     1
         Staff             |       |       |       |       |     6 |     6 |   136 |    13 |       ||   161
         Unarmed           |       |       |       |       |       |       |       |   547 |    69 ||   616
  Throw: Dart              |     6 |     1 |       |    14 |     2 |     1 |     2 |       |       ||    26
         Javelin           |     1 |     2 |       |       |       |       |       |       |       ||     3
         Boomerang         |     1 |       |       |       |       |       |       |       |       ||     1
         Throwing net      |       |       |       |     1 |       |       |       |     4 |       ||     5
   Cast: Shock             |   117 |    61 |    68 |    24 |     5 |       |       |       |       ||   275
         Static Discharge  |     3 |    19 |    23 |    35 |    35 |       |       |       |       ||   115
         Swiftness         |       |     7 |     1 |     3 |     3 |     7 |     3 |     1 |     1 ||    26
         Airstrike         |       |    14 |    90 |   187 |   534 |    86 |    41 |     4 |       ||   956
         Freezing Cloud    |       |       |       |    58 |   227 |    23 |       |       |       ||   308
         Summon Lightning  |       |       |       |       |    32 |     9 |    37 |     1 |       ||    79
         Ozocubu's Refrige |       |       |       |       |       |   541 |   638 |   207 |    29 ||  1415
         Blink             |       |       |       |       |       |     4 |     9 |     6 |     1 ||    20
         Passwall          |       |       |       |       |       |     1 |       |     6 |     3 ||    10
         Lee's Rapid Decon |       |       |       |       |       |       |    41 |    30 |       ||    71
         Borgnjor's Vile C |       |       |       |       |       |       |    67 |    69 |     9 ||   145
         Shatter           |       |       |       |       |       |       |     2 |     4 |       ||     6
         Ignition          |       |       |       |       |       |       |     2 |     2 |       ||     4
         Simulacrum        |       |       |       |       |       |       |    34 |    21 |    19 ||    74
         Polar Vortex      |       |       |       |       |       |       |       |   130 |    15 ||   145
         Apportation       |       |       |       |       |       |       |       |    58 |       ||    58
         Maxwell's Capacit |       |       |       |       |       |       |       |     1 |     1 ||     2
 Invoke: Channel Magic     |       |       |     2 |    10 |    32 |    21 |    22 |    10 |     2 ||    99
         Divine Exegesis   |       |       |       |       |       |       |     4 |     7 |     1 ||    12
  Evoke: Wand              |       |     1 |     5 |     6 |    27 |    18 |    16 |    25 |     3 ||   101
         Sack of spiders   |       |       |     1 |     1 |     4 |     3 |     2 |     1 |       ||    12
         Phial of floods   |       |       |       |       |       |       |     3 |     1 |       ||     4
    Use: Potion            |     1 |       |     3 |       |     3 |    14 |       |    11 |     9 ||    41
         Scroll            |     3 |    11 |     3 |    11 |    10 |    12 |    13 |    27 |     6 ||    96
   Stab: Sleeping          |       |     4 |     1 |     2 |       |       |       |     2 |       ||     9
         Paralysed         |       |     2 |       |       |       |       |       |     4 |       ||     6
         Distracted        |       |       |       |       |       |       |     2 |       |     2 ||     4
         Held in net/web   |       |       |       |       |       |       |       |     2 |       ||     2
 Armour: Robe              |    12 |    38 |     6 |       |    11 |    31 |       |       |       ||    98
         Swamp dragon scal |       |       |    52 |    82 |   127 |   124 |   285 |       |       ||   670
         Steam dragon scal |       |       |       |    13 |     2 |       |       |       |       ||    15
         Ring mail         |       |       |       |     2 |    42 |       |       |       |       ||    44
         Skin              |       |       |       |       |       |       |     7 |   977 |   103 ||  1087
  Dodge: Dodged            |     6 |    14 |    14 |    34 |   114 |    88 |   207 |   746 |    63 ||  1286
  Block: Buckler           |       |       |       |       |       |    16 |   223 |   642 |    62 ||   943
         Reflection        |       |       |       |       |       |       |    21 |     6 |     1 ||    28
   Form: Statue            |       |       |       |       |       |       |     1 |       |       ||     1

Table legend: (Time is in decaauts)
 A = Elapsed time spent in this place.
 B = Non-inter-level travel time spent in this place.
 C = Inter-level travel time spent in this place.
 D = Time resting spent in this place.
 E = Time spent auto-exploring this place.
 F = Levels seen in this place.
 G = Mean time per level.
                   A        B        C        D        E       F      G
               +--------+--------+--------+--------+--------+-----+--------+
         Total | 127087 | 112641 |  14446 |  28272 |  64010 |  58 | 2191.2 |
       Dungeon |  35185 |  30634 |   4551 |  11018 |  11709 |  15 | 2345.7 |
          Lair |   9962 |   8407 |   1555 |    640 |   6565 |   5 | 1992.4 |
        Shoals |   8961 |   8304 |    657 |   1038 |   6559 |   4 | 2240.2 |
     Snake Pit |  11448 |  10049 |   1399 |   1417 |   7777 |   4 | 2862.0 |
    Slime Pits |   3124 |   2843 |    281 |   1841 |    342 |   5 |  624.8 |
  Orcish Mines |   3670 |   3442 |    228 |    182 |   2819 |   2 | 1835.0 |
   Elven Halls |   9617 |   8515 |   1102 |   2096 |   5493 |   3 | 3205.7 |
        Vaults |  15469 |  13325 |   2144 |   1131 |  10418 |   4 | 3867.2 |
         Crypt |   6199 |   5894 |    305 |    501 |   3574 |   3 | 2066.3 |
        Depths |  12152 |  10352 |   1800 |   1575 |   7271 |   4 | 3038.0 |
           Zot |   6055 |   5635 |    420 |   2840 |   1078 |   5 | 1211.0 |
      Ice Cave |   4130 |   4130 |      0 |   3523 |      9 |   1 | 4130.0 |
       Volcano |    898 |    898 |      0 |    408 |    280 |   1 |  898.0 |
        Wizlab |     72 |     72 |      0 |     61 |      0 |   1 |   72.0 |
      Gauntlet |    137 |    137 |      0 |      0 |    113 |   1 |  137.0 |
               +--------+--------+--------+--------+--------+-----+--------+

Top non-repeatable levels by time:
Vaults:3: 5551 daAuts
   Elf:3: 4970 daAuts
Depths:3: 4573 daAuts
   IceCv: 4130 daAuts
Depths:2: 3741 daAuts
Vaults:2: 3671 daAuts
Vaults:1: 3566 daAuts
 Snake:4: 3444 daAuts
   Zot:5: 3373 daAuts
     D:9: 3233 daAuts
 Snake:2: 3203 daAuts
Shoals:4: 3184 daAuts
     D:2: 3155 daAuts
    D:13: 3022 daAuts
     D:4: 2812 daAuts
